 Dungeon Crawl Stone Soup version 0.29-a0-11-ga75d3d97ab (webtiles) character file.

Game seed: 4566815682605340808

970 oldriver the Sneak (level 8, 0/57 HPs)
             Began as an Octopode Hedge Wizard on Jan 29, 2022.
             Was an Initiate of Gozag.
             Slain by an orc warrior (8 damage)
             ... on level 5 of the Dungeon.
             The game lasted 00:15:54 (10018 turns).

oldriver the Sneak (Octopode Hedge Wizard)         Turns: 10018, Time: 00:15:55

Health: 0/57       AC:  6    Str: 15    XL:     8   Next: 16%
Magic:  8/15       EV: 14    Int: 18    God:    Gozag
Gold:   162        SH:  0    Dex: 12    Spells: 11/16 levels left

rFire   . . .      SeeInvis .   n - +2 hand axe (drain)
rCold   . . .      Faith    .   (no shield)
rNeg    + . .      Spirit   .   b - +1 hat
rPois   .          Reflect  .   (no amulet)
rElec   .          Harm     .   k - +6 ring of strength
rCorr   .          Rampage  .   f - ring of wizardry
Will    .....                   h - ring "Diceugea" {rN+ AC+4}
Stlth   ++++......              (no ring)
HPRegen 0.19/turn               (no ring)
MPRegen 0.14/turn               (no ring)
                                (no ring)
                                (no ring)

@: no status effects
A: almost no armour, amphibious, 8 rings, camouflage 1, gelatinous body 1,
(nimble swimmer 1), tentacles
a: Renounce Religion, Potion Petition, Call Merchant, Bribe Branch


You were on level 5 of the Dungeon.
You worshipped Gozag.
Gozag was aware of your devotion.
You visited 2 branches of the dungeon, and saw 6 of its levels.

You collected 252 gold pieces.
You paid 90 gold pieces to Gozag.

Inventory:

Hand Weapons
 n - a +2 hand axe of draining (weapon)
Armour
 b - a +1 hat (worn)
Jewellery
 c - a ring of ice
 f - a ring of wizardry (right tentacle)
 h - the ring "Diceugea" (on tentacle) {rN+ AC+4}
   (You found it on level 4 of the Dungeon)

   [ring of protection]

   AC:        It affects your AC (+4).
   rN:        It protects you from negative energy.
 k - a +6 ring of strength (left tentacle)
Scrolls
 l - a scroll of brand weapon
Potions
 a - a potion of curing {unknown}
 d - a potion of heal wounds {unknown}
 e - a potion of lignification {unknown}
 g - 3 potions of haste
 i - a potion of mutation {unknown}
 j - 2 potions of might
 m - 3 potions of degeneration


   Skills:
 + Level 5.8 Fighting
 + Level 4.3 Dodging
 + Level 6.2 Stealth
 + Level 4.6 Spellcasting
 - Level 1.0 Conjurations
 - Level 1.0 Summonings
 - Level 1.0 Translocations


You had 11 spell levels left.
You knew the following spells:

 Your Spells              Type           Power      Damage    Failure   Level
a - Magic Dart            Conj           28%        1d4       3%          1
b - Call Imp              Summ           7%         N/A       6%          2
c - Blink                 Tloc           14%        N/A       6%          2

Your spell library contained the following spells:

 Spells                   Type           Power      Damage    Failure   Level
 Slow                     Hex            16%        N/A       6%          1
 Gell's Gravitas          Tloc           7%         N/A       11%         3
 Lesser Beckoning         Tloc           7%         N/A       11%         3
 Teleport Other           Tloc           7%         N/A       11%         3
 Conjure Flame            Conj/Fire      6%         6-21      13%         3
 Mephitic Cloud           Conj/Pois/Air  5%         N/A       14%         3
 Tukima's Dance           Hex            4%         N/A       16%         3
 Passage of Golubria      Tloc           7%         N/A       32%         4
 Yara's Violent Unravell  Hex/Tmut       2%         3d3       80%         5


Dungeon Overview and Level Annotations

Branches:
Dungeon (5/15)             Temple (1/1) D:5

Altars:
Ashenzari
Fedhas
Gozag
Kikubaaqudgha
Nemelex Xobeh
Qazlal
Ru
Trog
Uskayaw
Vehumet
Wu Jian
Xom
Yredelemnul
Zin

Shops:
D:1 *


Innate Abilities, Weirdness & Mutations

You cannot wear most types of armour.
You are amphibious.
You can wear up to eight rings at the same time.
Your skin changes colour to match your surroundings (Stealth+).
Your rubbery body absorbs attacks. (AC +1, EV +1)
((You are camouflaged when in or above water. (Stealth+)))
You have tentacles for arms and can constrict up to eight enemies at once.


Message History

The orc warrior hits you with a +0 mace.
Your shadow imp hits the orc warrior but does no damage.
The orc shouts!
You hit the orc warrior. You burn the orc warrior. You squeeze the orc warrior.
The orc warrior is moderately wounded.
You constrict the orc warrior.
Your shadow imp hits the orc warrior.
The orc warrior hits you with a +0 mace!
Unknown command.
You hit the orc warrior but do no damage.
The orc warrior is moderately wounded.
You constrict the orc warrior, but do no damage.
Your shadow imp hits the orc warrior but does no damage.
The orc warrior hits you with a +0 mace!
Unknown command.
You completely miss the orc warrior.
The orc warrior is moderately wounded.
You constrict the orc warrior.
Your shadow imp hits the orc warrior.
The orc warrior hits you with a +0 mace!
* * * LOW HITPOINT WARNING * * *
Your shadow imp hits the orc warrior but does no damage.
The orc warrior closely misses your shadow imp.
As you read the scroll labelled VIJUTSIMEG, it crumbles to dust.
It is a scroll of brand weapon.
Your +2 hand axe of flaming craves living souls!
n - a +2 hand axe of draining (weapon)
You constrict the orc warrior.
The orc hits your shadow imp with a +0 hand axe.
Your shadow imp hits the orc warrior.
The orc warrior hits your shadow imp with a +0 mace.
Your shadow imp dies!
Your shadow imp disappears in a puff of smoke!
The orc warrior shouts!
Your magical contamination has completely faded away.
You hit the orc warrior but do no damage.
The orc warrior is severely wounded.
You constrict the orc warrior.
You hear an angry hiss.
The orc warrior hits you with a +0 mace!
You die...
Your body crumbles into a pile of gold.

# # #. #. ... #.
#..#.####
#......#
#..#....##.#
#...)@...#
#...oo...# g####
#.#$ #..$....##
.....
...........###
..# #.####.#...#
..### #.# #.##.##
....# #.# #.##.#
#.#g###.# #.##.#
........####.##.#


You could see an orc warrior and an orc.

Vanquished Creatures
  A centaur (D:5)
  2 scorpions (D:5)
  A water moccasin skeleton (D:4)
  4 crimson imps (D:3)
  A bullfrog zombie (D:5)
  2 jellies (D:5)
  A hound (D:5)
  An orc priest (D:5)
  3 orc wizards
  A killer bee zombie (D:4)
  A gnoll (D:5)
  A howler monkey skeleton (D:5)
  An adder (D:2)
  An ufetubus (D:5)
  2 worms (D:2)
  2 dart slugs (D:1)
  14 orcs
  9 ball pythons
  4 endoplasms
  3 giant cockroaches
  2 goblins (D:2)
  11 hobgoblins
  4 jackals
  A quokka (D:2)
  7 bats
  4 frilled lizards
  6 kobolds
  A quokka skeleton (D:4)
  6 rats
97 creatures vanquished.

Vanquished Creatures (collateral kills)
  A scorpion (D:3)
  A hound (D:3)
  An iguana (D:4)
  An orc wizard (D:3)
  A gnoll (D:5)
  3 adders
  A worm (D:2)
  4 orcs
  2 endoplasms
  A giant cockroach (D:3)
  2 goblins
  A hobgoblin (D:3)
  3 jackals
  A ball python (D:3)
23 creatures vanquished.

Vanquished Creatures (others)
  5 fungi (D:5)
  8 plants (D:5)
13 creatures vanquished.

Grand Total: 133 creatures vanquished

Notes
Turn   | Place    | Note
-------+----------+-------------------------------------------
     0 | D:1      | oldriver the Octopode Hedge Wizard began the quest for the
                  | Orb.
     0 | D:1      | Reached XP level 1. HP: 11/11 MP: 4/4
   201 | D:1      | Reached skill level 1 in Fighting
   437 | D:1      | Reached XP level 2. HP: 18/18 MP: 1/6
   820 | D:1      | Found Peaxtyckig's General Store.
  1109 | D:1      | Reached XP level 3. HP: 25/25 MP: 0/7
  1189 | D:1      | Learned a level 2 spell: Call Imp
  1192 | D:1      | Learned a level 2 spell: Blink
  1799 | D:2      | Noticed a phantom
  1810 | D:2      | Found a faded altar of an unknown god.
  2807 | D:3      | Noticed a scorpion
  2816 | D:3      | Killed a scorpion
  2817 | D:3      | Reached XP level 4. HP: 34/34 MP: 0/8
  3407 | D:2      | Reached XP level 5. HP: 35/38 MP: 1/9
  3847 | D:2      | Reached skill level 3 in Stealth
  4561 | D:3      | Found a hide-covered altar of Uskayaw.
  5417 | D:3      | Found a shimmering altar of Xom.
  5435 | D:3      | Reached XP level 6. HP: 42/44 MP: 5/11
  5645 | D:3      | Reached skill level 4 in Stealth
  6094 | D:4      | Reached skill level 5 in Fighting
  6439 | D:4      | Reached XP level 7. HP: 38/50 MP: 0/12
  6799 | D:4      | Identified the ring "Diceugea" {rN+ AC+4}
  7998 | D:5      | Entered Level 5 of the Dungeon
  8073 | D:5      | Reached skill level 5 in Stealth
  9055 | D:5      | Found a staircase to the Ecumenical Temple.
  9072 | Temple   | Entered the Ecumenical Temple
  9268 | Temple   | Became a worshipper of Gozag Ym Sagoz the Greedy
  9735 | D:5      | Found a blossoming altar of Fedhas.
  9757 | D:5      | Reached skill level 6 in Stealth
  9757 | D:5      | Reached XP level 8. HP: 31/57 MP: 6/14
 10018 | D:5      | Slain by an orc warrior

Illustrated notes

Levels and vault maps discovered:
D:1:      dpeg_arrival_water_fire, layout_basic, serial_shops,
          nicolae_shop_statue_plus
D:2:      layout_rooms, dreamdust_ecumenical_altar_grove, chequers_garden,
          minmay_joined_circles
D:3:      layout_basic, nicolae_uskayaw_dance_hall, led_xom_imps, minivault_25
D:4:      layout_loops_ring, hangedman_decor_clover_reticule
D:5:      layout_loops_ring, kennysheep_slug_shrine, fedhas_altar_3,
          minmay_temple_entry_waves, ebering_ghost_disaster_area
Temple:   bh_familiar_temple

Skill      XL: |  1  2  3  4  5  6  7 |
---------------+----------------------+-----
Fighting       | 1 2 4 5 |  5.8
Stealth        | 3 4 6 |  6.2
Dodging        | 3 4 |  4.3
Spellcasting   | 4 |  4.6
Conjurations   | |  1.0
Summonings     | |  1.0
Translocations | |  1.0

Action                   |  1- 3 |  4- 6 |  7- 9 || total
-------------------------+-------+-------+-------++-------
Melee: Dagger            |     9 |    53 |    12 ||    74
       Tentacles         |     3 |    12 |     7 ||    22
       Constrict         |     2 |    11 |     8 ||    21
       Punch             |     1 |       |       ||     1
       Hand axe          |       |       |    47 ||    47
 Cast: Magic Dart        |    99 |   112 |   107 ||   318
       Call Imp          |    10 |    28 |    26 ||    64
       Blink             |       |       |     1 ||     1
  Use: Scroll            |       |     4 |     4 ||     8
 Stab: Distracted        |       |       |     2 ||     2
Armor: Skin              |     3 |     7 |    32 ||    42
Dodge: Dodged            |    18 |    42 |    67 ||   127

Table legend: (Time is in decaauts)
 A = Elapsed time spent in this place.
 B = Non-inter-level travel time spent in this place.
 C = Inter-level travel time spent in this place.
 D = Time resting spent in this place.
 E = Time spent auto-exploring this place.
 F = Levels seen in this place.
 G = Mean time per level.
                   A        B        C        D        E       F      G
               +--------+--------+--------+--------+--------+-----+--------+
         Total |  10041 |   9541 |    500 |   3011 |   4922 |   6 | 1673.5 |
       Dungeon |   9817 |   9379 |    438 |   3011 |   4766 |   5 | 1963.4 |
        Temple |    224 |    162 |     62 |      0 |    156 |   1 |  224.0 |
               +--------+--------+--------+--------+--------+-----+--------+

Top non-repeatable levels by time:
     D:4: 2470 daAuts
     D:2: 2154 daAuts
     D:3: 2069 daAuts
     D:1: 2021 daAuts
     D:5: 1101 daAuts
  Temple: 224 daAuts
